 Dungeon Crawl Stone Soup version 0.27.1-4-g1640c2035a (webtiles) character file.

Game seed: 7388432495730701962

239 McKennaii the Poker (level 5, -4/42 HPs)
             Began as a Demonspawn Fighter on Nov 12, 2021.
             Slain by Sigmund (17 damage)
             ... on level 4 of the Dungeon.
             The game lasted 00:03:03 (3656 turns).

McKennaii the Poker (Demonspawn Fighter)            Turns: 3656, Time: 00:03:03

Health: -4/42      AC: 10    Str: 18    XL:     5   Next: 79%
Magic:  5/5        EV:  7    Int:  9    God:
Gold:   154        SH:  9    Dex: 12    Spells: 4/4 levels left

rFire    . . .     SeeInvis .   a - +0 trident
rCold    + . .     Faith    .   c - +0 kite shield
rNeg     . . .     Spirit   .   b - +0 scale mail
rPois    .         Reflect  .   n - +0 helmet
rElec    .         Harm     .   (no cloak)
rCorr    .         Rampage  .   (no gloves)
Will     .....                  (no boots)
Stlth    ..........             (no amulet)
HPRegen  0.14/turn              r - ring of protection from cold
MPRegen  0.09/turn              (no ring)

@: mighty
A: icy blue scales 1, powered by pain 1
a: no special abilities


You were on level 4 of the Dungeon.
You visited 1 branch of the dungeon, and saw 4 of its levels.

You collected 154 gold pieces.

Inventory:

Hand Weapons
 a - a +0 trident (weapon)
Armour
 b - a +0 scale mail (worn)
 c - a +0 kite shield (worn)
 n - a +0 helmet (worn)
Jewellery
 r - a ring of protection from cold (left hand)
Wands
 s - a wand of acid (6)
Scrolls
 e - 3 scrolls of noise {unknown}
 f - a scroll of enchant armour {unknown}
 h - 2 scrolls of teleportation {unknown}
 j - 4 scrolls of identify {unknown}
 l - a scroll of vulnerability {unknown}
 m - a scroll of enchant weapon {unknown}
 o - 2 scrolls of amnesia {unknown}
 q - a scroll of fog {unknown}
Potions
 g - a potion of haste {unknown}
 k - 2 potions of berserk rage {unknown}
 p - a potion of brilliance {unknown}


   Skills:
 * Level 3.9 Fighting
 * Level 4.1 Polearms
 + Level 3.3 Armour
 + Level 0.2 Dodging
 + Level 3.3 Shields


You had 4 spell levels left.
You didn't know any spells.
Your spell library contained the following spells:

 Spells                   Type           Power      Damage    Failure   Level
 Corpse Rot               Necr/Air       N/A        N/A       100%        2
 Poisonous Vapours        Pois/Air       0%         N/A       100%        2
 Freezing Cloud           Conj/Ice/Air   0%         6-21      100%        5


Dungeon Overview and Level Annotations

Branches:
Dungeon (4/15)
 Temple: D:4-7

Altars:
Wu Jian

Shops:
D:1 =   D:2 [

Annotations:
D:4 Sigmund


Innate Abilities, Weirdness & Mutations

You are partially covered in icy blue scales. (AC +2)
You sometimes gain a little power by taking damage.


Message History

Sigmund's hands start flickering wildly.
You block Sigmund's attack.
Unknown command.
You barely miss Sigmund.
Sigmund is lightly wounded.
Sigmund barely misses you.
Unknown command.
You hit Sigmund.
Sigmund is lightly wounded.
Sigmund hits you with a +0 scythe of protection.
Unknown command.
You hit Sigmund.
Sigmund is lightly wounded.
Sigmund points at you and mumbles some strange words.
You are confused.
Unknown command.
You feel better. Sigmund closely misses you.
You hit Sigmund.
Sigmund is lightly wounded.
Sigmund closely misses you.
Unknown command.
You hit Sigmund.
Sigmund is moderately wounded.
Sigmund hits you with a +0 scythe of protection!
Unknown command.
You closely miss Sigmund.
Sigmund is moderately wounded.
Unknown command.
You closely miss Sigmund.
Sigmund is moderately wounded.
Sigmund casts a spell at you. The magic dart hits you!
* * * LOW HITPOINT WARNING * * *
You block Sigmund's attack.
Unknown command.
You feel very mighty all of a sudden.
You closely miss Sigmund.
Sigmund is moderately wounded.
Sigmund hits you with a +0 scythe of protection!
You die...

......#.#....
###...##.....
#....#.......
+............
#...####.##.#
#...# #.##.#
######.(.#
#..#.#
#.......##
##.#.#
#@####### ...
#..@# #..
##### .. #.#
.. #. #####.
#..... #.....


You could see Sigmund (strong).

Vanquished Creatures
  A phantom (D:4)
  Natasha (D:4)
  4 gnolls
  2 adders
  An ufetubus (D:4)
  3 worms
  5 dart slugs
  6 endoplasms
  A giant cockroach (D:2)
  5 goblins
  5 hobgoblins
  3 quokkas
  8 ball pythons
  7 bats
  5 frilled lizards
  9 kobolds
  5 rats
71 creatures vanquished.

Notes
Turn   | Place    | Note
-------+----------+-------------------------------------------
     0 | D:1      | McKennaii the Demonspawn Fighter began the quest for the
                  | Orb.
     0 | D:1      | Reached XP level 1. HP: 18/18 MP: 1/1
   147 | D:1      | Reached skill level 2 in Polearms
   154 | D:1      | Gained mutation: You sometimes gain a little power by
                  | taking damage. [demonic ancestry]
   154 | D:1      | Reached XP level 2. HP: 24/24 MP: 2/2
   412 | D:1      | Found Vibieb's Jewellery Shoppe.
   882 | D:1      | Reached XP level 3. HP: 25/29 MP: 3/3
   995 | D:2      | Found Kant's Armour Shoppe.
  1444 | D:2      | Found a faded altar of an unknown god.
  1884 | D:3      | Reached XP level 4. HP: 35/35 MP: 4/4
  2163 | D:2      | Reached skill level 3 in Polearms
  3137 | D:4      | Noticed a phantom
  3153 | D:4      | Killed a phantom
  3154 | D:4      | Gained mutation: You are partially covered in icy blue
                  | scales. (AC +2) [demonic ancestry]
  3154 | D:4      | Reached XP level 5. HP: 17/42 MP: 5/5
  3363 | D:4      | Noticed Natasha
  3370 | D:4      | Killed Natasha
  3371 | D:4      | Reached skill level 4 in Polearms
  3488 | D:4      | Found an ornate altar of the Wu Jian Council.
  3633 | D:4      | Noticed Sigmund
  3656 | D:4      | Slain by Sigmund

Illustrated notes

Levels and vault maps discovered:
D:1:      dpeg_arrival_rooms_with_view, layout_loops_cross, serial_shops,
          nicolae_shop_waterfront
D:2:      layout_basic, ebering_ecumenical_altar_hall, serial_shops,
          nicolae_shop_temple_entry_statues_fountains
D:3:      layout_rooms, amcnicky_mini_pool_small
D:4:      layout_basic, general_overflow_altar, minmay_misc_feat_secret_circle,
          uniq_natasha, uniq_sigmund

Skill      XL: |  1  2  3  4  5 |
---------------+----------------+-----
Polearms       | 2 3 4 |  4.1
Shields        | 3 |  3.3
Armour         | 3 |  3.3
Fighting       | |  3.9
Dodging        | |  0.2

Action                   |  1- 3 |  4- 6 || total
-------------------------+-------+-------++-------
Melee: Trident           |   176 |   118 ||   294
  Use: Potion            |       |     3 ||     3
Armor: Scale mail        |    77 |    36 ||   113
Dodge: Dodged            |    38 |    25 ||    63
Block: Kite shield       |    84 |    48 ||   132
